 Dungeon Crawl Stone Soup version 0.29-a0-717-g6dac4ea423 (webtiles) character file.

Game seed: 9202753883941902327

287 Shayle the Conjurer (level 6, 0/51 HPs)
             Began as a Draconian Conjurer on June 26, 2022.
             Slain by Edmund
             ... wielding a +1 flail of protection
              (12 damage)
             ... on level 4 of the Dungeon.
             The game lasted 00:06:19 (3392 turns).

Shayle the Conjurer (Draconian Conjurer)            Turns: 3392, Time: 00:06:20

Health: 0/51       AC:  7    Str:  9    XL:     6   Next: 8%
Magic:  11/11      EV: 12    Int: 20    God:
Gold:   202        SH:  0    Dex: 10    Spells: 8/11 levels left

rFire   . . .      SeeInvis +   s - +2 war axe (vamp)
rCold   + . .      Faith    .   (no shield)
rNeg    . . .      Spirit   .   (body armour unavailable)
rPois   .          Reflect  .   (helmet restricted)
rElec   .          Harm     .   (no cloak)
rCorr   .          Rampage  .   (no gloves)
Will    .....                   l - +0 pair of boots
Stlth   ++........              (no amulet)
HPRegen 0.17/turn               c - ring of see invisible
MPRegen 0.12/turn               m - ring of protection from cold

@: mighty
A: AC +6, unfitting armour, cold-blooded
a: no special abilities


You were on level 4 of the Dungeon.
You visited 1 branch of the dungeon, and saw 4 of its levels.

You collected 202 gold pieces.

Inventory:

Hand Weapons
 k - a +0 dagger of venom
 s - a +2 vampiric war axe (weapon)
Armour
 l - a +0 pair of boots (worn)
Jewellery
 c - a ring of see invisible (left hand)
 m - a ring of protection from cold (right hand)
Wands
 t - a wand of digging (5)
Scrolls
 e - a scroll of noise {unknown}
 g - a scroll of amnesia {unknown}
 h - a scroll of torment {unknown}
 i - 2 scrolls of brand weapon {unknown}
 n - a scroll of enchant armour {unknown}
 o - 2 scrolls of teleportation {unknown}
 q - 3 scrolls of identify {unknown}
 r - a scroll of fear {unknown}
Potions
 a - 2 potions of magic
 b - 2 potions of curing
 f - a potion of cancellation {unknown}
 j - a potion of lignification {unknown}
 p - a potion of mutation {unknown}
 u - a potion of attraction {unknown}


   Skills:
 + Level 3.1 Fighting
 - Level 1.7 Dodging
 + Level 3.4 Stealth
 + Level 3.3 Spellcasting
 + Level 5.0 Conjurations


You had 8 spell levels left.
You knew the following spells:

 Your Spells              Type           Power      Damage    Failure   Level
a - Magic Dart            Conj           92%        1d7       1%          1
b - Searing Ray           Conj           46%        2d6       2%          2

Your spell library contained the following spells:

 Spells                   Type           Power      Damage    Failure   Level
 Shock                    Conj/Air       52%        1d6       4%          1
 Dazzling Flash           Conj/Hex       26%        N/A       14%         3
 Fulminant Prism          Conj/Hex       6%         3d7       43%         4
 Iskenderun's Mystic Bla  Conj/Tloc      13%        2d5       43%         4


Dungeon Overview and Level Annotations

Branches:
Dungeon (4/15)
 Temple: D:4-7

Altars:
Fedhas

Annotations:
D:4 Edmund


Innate Abilities, Weirdness & Mutations

Your plain brown scales are hard. (AC +6)
You cannot fit into any form of body armour.
You are cold-blooded and may be slowed by cold attacks.


Message History

You hit Edmund but do no damage. Edmund completely misses you.
You barely miss Edmund.
Edmund says, "People think my brother is the best.
I think he's crazy."
Edmund hits you but does no damage.
Edmund hits you with a +1 flail of protection.
You hit Edmund.
You feel better.
Your tail-slap misses Edmund.
Edmund is lightly wounded.
Edmund hits you with a +1 flail of protection!
You barely miss Edmund.
Edmund is lightly wounded.
Edmund hits you with a +1 flail of protection.
Edmund hits you with a +1 flail of protection!
You barely miss Edmund.
Edmund is lightly wounded.
Edmund barely misses you.
You hit Edmund.
Edmund is moderately wounded.
Edmund barely misses you. Edmund hits you but does no damage.
You hit Edmund but do no damage.
Your tail-slap misses Edmund.
Edmund is moderately wounded.
Edmund misses you.
You hit Edmund.
You feel better.
Edmund is moderately wounded.
Edmund hits you with a +1 flail of protection!
Edmund hits you with a +1 flail of protection.
* * * LOW HITPOINT WARNING * * *
You slash Edmund!
You feel better.
Edmund is heavily wounded.
Edmund barely misses you.
It was a potion of curing.
You feel better.
Edmund hits you with a +1 flail of protection.
You barely miss Edmund.
Your tail-slap misses Edmund.
Edmund is heavily wounded.
Edmund hits you with a +1 flail of protection.
Edmund hits you with a +1 flail of protection!
* * * LOW HITPOINT WARNING * * *
It was a potion of might.
You feel very mighty all of a sudden.
Edmund hits you with a +1 flail of protection!
You die...

.............#.##
##..##..........# ..
##...#.#.#......# ..##
##.#.#.#.#......# #...#
#.#.#.#........# ....
#.#.#.#.#.###.......#..
##.......#.#######....
...............#@..#
###....###.###.#@#
...........# #.#.#
.......##### #.#.#
###....# #...# #....#
##### ######


You could see Edmund.

Vanquished Creatures
  Sigmund (D:3)
  An orc priest (D:4)
  6 adders
  An ufetubus (D:4)
  2 dart slugs
  4 orcs (D:3)
  5 endoplasms
  2 giant cockroaches
  3 goblins
  3 hobgoblins
  4 kobolds
  2 quokkas (D:1)
  A ball python (D:1)
  4 bats
  4 frilled lizards
  3 rats
46 creatures vanquished.

Notes
Turn   | Place    | Note
-------+----------+-------------------------------------------
     0 | D:1      | Shayle the Draconian Conjurer began the quest for the Orb.
     0 | D:1      | Reached XP level 1. HP: 14/14 MP: 3/3
   327 | D:1      | Reached XP level 2. HP: 22/22 MP: 1/5
   434 | D:1      | Learned a level 2 spell: Searing Ray
   607 | D:1      | Found a faded altar of an unknown god.
   615 | D:1      | Got Plato's Tome of Lightness
   933 | D:2      | Reached skill level 1 in Fighting
  1107 | D:2      | Reached XP level 3. HP: 14/28 MP: 6/6
  1759 | D:2      | You fall into a shaft and drop 1 floor!
  2023 | D:3      | Reached XP level 4. HP: 36/36 MP: 7/7
  2761 | D:3      | Noticed Sigmund
  2771 | D:3      | Killed Sigmund
  2772 | D:3      | Reached XP level 5. HP: 24/44 MP: 9/9
  3207 | D:4      | Reached skill level 5 in Conjurations
  3207 | D:4      | Reached XP level 6. HP: 38/51 MP: 9/11
  3218 | D:4      | Found a blossoming altar of Fedhas.
  3376 | D:4      | Noticed Edmund
  3392 | D:4      | Slain by Edmund

Illustrated notes

Levels and vault maps discovered:
D:1:      lightli_arrival_farm, layout_basic,
          shapermc_ecumenical_altar_rom_forum
D:2:      layout_loops_ring, uniq_crazy_yiuf_cottage
D:3:      layout_basic, uniq_sigmund
D:4:      layout_basic, kennysheep_mini, dreamdust_princess_corridor,
          st_stairs_11, uniq_edmund

Skill      XL: |  1  2  3  4  5 |
---------------+----------------+-----
Stealth        | 2 3 |  3.4
Fighting       | 1 2 3 |  3.1
Spellcasting   | 3 |  3.3
Conjurations   | 5 |  5.0
Dodging        | |  1.7

Action                   |  1- 3 |  4- 6 || total
-------------------------+-------+-------++-------
Melee: Unarmed           |    13 |       ||    13
       Tailslap          |     9 |     8 ||    17
       Dagger            |    50 |     1 ||    51
       Punch             |     1 |     1 ||     2
       War axe           |       |    73 ||    73
 Cast: Magic Dart        |    34 |       ||    34
  Use: Potion            |       |     2 ||     2
 Stab: Sleeping          |     3 |     4 ||     7
Armor: Skin              |    18 |    29 ||    47
Dodge: Dodged            |    41 |    56 ||    97

Table legend: (Time is in decaauts)
 A = Elapsed time spent in this place.
 B = Non-inter-level travel time spent in this place.
 C = Inter-level travel time spent in this place.
 D = Time resting spent in this place.
 E = Time spent auto-exploring this place.
 F = Levels seen in this place.
 G = Mean time per level.
                   A        B        C        D        E       F      G
               +--------+--------+--------+--------+--------+-----+--------+
         Total |   3455 |   3405 |     50 |    701 |   2069 |   4 |  863.8 |
       Dungeon |   3455 |   3405 |     50 |    701 |   2069 |   4 |  863.8 |
               +--------+--------+--------+--------+--------+-----+--------+

Top non-repeatable levels by time:
     D:3: 1454 daAuts
     D:1: 931 daAuts
     D:2: 852 daAuts
     D:4: 215 daAuts
